cohdb
Replays
Latest Replays
All Replays
Popular Replays
Top Player Replays
Match Explorer
How It Works
Community
CoH3 Stats
Reddit
Sign in to upload your games and track your stats! →
Sign in with Steam
Match 43762487
Unlisted
Match 43762487
Overview
Messages
Build Orders
End
Construct Barracks
Selects Airborne Battlegroup
Selects Heavy Machine Gun Paradrop
Heavy Machine Gun Paradrop
Riflemen Squad
M1 Mortar Team
Air Support Center
Selects Paratrooper Squad Paradrop
Paratrooper Squad Paradrop
Construct Weapon Support Center
M3 Armored Personnel Carrier
Engineer Squad
P-47 Strafing Run
Improved M9 Bazooka Rockets
Forward Retreat Point
Construct Tank Depot
Paratrooper Squad Paradrop
M18 Hellcat Tank Destroyer
P-47 Dive Bomb
Selects Smoke Bombing Run
Selects Supply Drop
Supply Drop
Papa Shango
Husar
Felipe
Nathlefaucheur
Alex Space Marine
Imperator
0
0
Comments
sign in to comment!
No comments posted yet!